 Dungeon Crawl Stone Soup version 0.20.0-7-g3b7b877 (webtiles) character file.

7406 Hasart the Basher (level 11, -1/68 HPs)
             Began as a Gargoyle Fighter on May 29, 2017.
             Was a High Priest of Okawaru.
             Slain by a meliai simulacrum (20 damage)
             ... on level 11 of the Dungeon.
             The game lasted 00:21:09 (9989 turns).

Hasart the Basher (Gargoyle Fighter)                Turns: 9989, Time: 00:21:10

Health: -1/68      AC: 22    Str: 21    XL:     11   Next: 14%
Magic:  15/15      EV: 10    Int: 10    God:    Okawaru [*****.]
Gold:   572        SH: 11    Dex: 10    Spells: 10/10 levels left

rFire    + + .     SeeInvis .   y - +2 flail (drain)
rCold    . . .     Gourm    .   c - +0 shield
rNeg     + . .     Faith    .   J - +4 scale mail {rF+}
rPois    ∞         Spirit   .   (no helmet)
rElec    +         Reflect  .   B - +0 cloak {+Inv}
rCorr    .         Harm     .   (no gloves)
MR       .....                  C - +0 pair of boots
Stlth    ..........             (no amulet)
Regen    0.3/turn               F - ring of wizardry
MPRegen  0.2/turn               E - ring of protection from fire

@: no status effects
A: negative energy resistance 1, electricity resistance, unbreathing,
petrification resistance, rot immunity, AC +7
a: Heroism, Finesse, Renounce Religion, Evoke Invisibility


You were on level 11 of the Dungeon.
You worshipped Okawaru.
Okawaru was extremely pleased with you.
You were not hungry.

You visited 2 branches of the dungeon, and saw 12 of its levels.

You collected 572 gold pieces.

Inventory:

Hand Weapons
 y - a +2 flail of draining (weapon)
Armour
 c - a +0 shield (worn)
 v - a +0 chain mail
 B - a +0 cloak of invisibility (worn)
 C - a +0 pair of boots (worn)
 J - a +4 scale mail of fire resistance (worn)
Jewellery
 E - a ring of protection from fire (right hand)
 F - a ring of wizardry (left hand)
Wands
 r - a wand of flame (26/48)
 H - a wand of random effects (9/48)
 M - a wand of lightning (7/15)
 N - a wand of flame (34/48)
 O - a wand of random effects (29/48)
Scrolls
 a - 2 scrolls of teleportation {unknown}
 g - 20 scrolls of identify {unknown}
 h - a scroll of summoning {unknown}
 i - 3 scrolls of random uselessness {unknown}
 o - a scroll of magic mapping {unknown}
 p - a scroll of fear {unknown}
 q - a scroll of enchant weapon {unknown}
 t - a scroll of noise {unknown}
 w - a scroll of amnesia {unknown}
 x - 3 scrolls of immolation {unknown}
 z - a scroll of fog {unknown}
 D - a scroll of blinking {unknown}
Potions
 d - 3 potions of might
 e - 3 potions of heal wounds {unknown}
 k - 2 potions of curing
 l - 2 potions of magic {unknown}
 m - 2 potions of mutation {unknown}
 n - 2 potions of berserk rage {unknown}
 s - 2 potions of degeneration {unknown}
 u - 4 potions of brilliance {unknown}
 A - a potion of flight {unknown}
 G - a potion of haste {unknown}
 I - a potion of cancellation {unknown}
 L - 2 potions of resistance {unknown}
Comestibles
 b - 6 meat rations
 f - 12 bread rations
 j - 14 royal jellies
 K - 2 fruits
 P - 5 chunks of flesh


   Skills:
 + Level 8.1 Fighting
 * Level 9.9 Maces & Flails
 + Level 7.7 Armour
 + Level 4.7 Dodging
 + Level 8.0 Shields
 + Level 5.6 Invocations


You had 10 spell levels left.
You didn't know any spells.

Dungeon Overview and Level Annotations

Branches:
Dungeon (11/15)            Temple (1/1) D:5             Orc (0/2) D:9
   Lair: D:8-11

Altars:
Cheibriados
Dithmenos
Elyvilon
Gozag
Hepliaklqana
Okawaru
Sif Muna
Trog
Vehumet
Xom
Yredelemnul
Zin

Shops:
D:8 (


Innate Abilities, Weirdness & Mutations

You are resistant to torment.
Your stone body is resilient. (AC +7)
You are immune to poison.
You resist negative energy. (rN+)
You are resistant to electric shocks. (rElec)
You can survive without breathing.
You are immune to petrification.
You are immune to rotting.


Message History

You sock the worker ant zombie!
You destroy the worker ant zombie!
Okawaru accepts your kill.
The meliai simulacrum hits you but does no damage.
The meliai simulacrum closely misses you.
The hippogriff barely misses you. The hippogriff closely misses you.
The hippogriff claws you but does no damage.
You hit the hippogriff.
The hippogriff is lightly wounded.
The meliai simulacrum hits you. The meliai simulacrum freezes you!!
The meliai simulacrum misses you.
The meliai simulacrum barely misses you.
The meliai simulacrum hits you but does no damage.
You block the hippogriff's attack. The hippogriff barely misses you.
You block the hippogriff's attack.
You block the meliai simulacrum's attack.
The meliai simulacrum hits you.
* * * LOW HITPOINT WARNING * * *
The meliai simulacrum freezes you!!
You die...

#.......#
#.......#
#.......#
#.......###
#.........##
#.>.....#..##
#....HZ......
#....@.......
#............
#?....#######
#####.. #..
#... ###. ##


You could see a hippogriff and a meliai simulacrum.

Vanquished Creatures
  A two-headed ogre (D:10)
  Pikel (D:7)
  2 gargoyles (D:10)
  A hippogriff (D:10)
  7 yaks
  A wraith (D:10)
  3 hogs (D:7)
  A human (D:7)
  Menkaure (D:4)
  2 sky beasts (D:10)
  3 ice beasts
  2 slaves (D:7)
  An orc warrior (D:6)
  9 ogres
  2 centaurs
  2 big kobolds
  3 bullfrogs
  A wyvern skeleton (D:7)
  2 scorpions
  5 killer bees (D:10)
  2 howler monkeys
  6 crimson imps
  2 quasits
  A centaur zombie (D:10)
  6 hounds
  2 gnoll shamans
  5 orc priests
  Crazy Yiuf (D:4)
  A bullfrog skeleton (D:4)
  2 iguanas
  2 worker ants (D:9)
  8 orc wizards
  A hound zombie (D:6)
  A hound skeleton (D:4)
  A worker ant zombie (D:11)
  A howler monkey zombie (D:10)
  12 gnolls
  10 adders
  7 shadow imps
  3 oozes
  An adder zombie (D:5)
  2 worms (D:4)
  A dart slug (D:2)
  4 leopard geckos
  31 orcs
  9 giant cockroaches
  18 goblins
  10 hobgoblins
  9 jackals
  13 kobolds
  A quokka (D:3)
  A ball python (D:7)
  5 bats
  6 frilled lizards
  2 gnoll zombies (D:7)
  A leopard gecko skeleton (D:4)
  A leopard gecko zombie (D:6)
  A quokka skeleton (D:6)
  A quokka zombie (D:5)
  8 rats
249 creatures vanquished.

Notes
Turn   | Place    | Note
-------+----------+-------------------------------------------
     0 | D:1      | Hasart the Gargoyle Fighter began the quest for the Orb.
     0 | D:1      | Reached XP level 1. HP: 14/14 MP: 1/1
   215 | D:1      | Reached XP level 2. HP: 16/19 MP: 2/2
   605 | D:1      | Reached XP level 3. HP: 22/23 MP: 3/3
  1198 | D:2      | Found a white marble altar of Elyvilon.
  1263 | D:2      | Reached skill level 3 in Maces & Flails
  1263 | D:2      | Reached XP level 4. HP: 28/28 MP: 4/4
  2423 | D:3      | Reached XP level 5. HP: 32/33 MP: 5/5
  2784 | D:3      | HP: 1/33 [something (1)]
  2794 | D:3      | Reached skill level 4 in Maces & Flails
  3025 | D:4      | Reached XP level 6. HP: 31/39 MP: 6/6
  3333 | D:4      | Reached skill level 5 in Maces & Flails
  3333 | D:4      | Reached skill level 5 in Shields
  3333 | D:4      | Reached XP level 7. HP: 39/44 MP: 7/7
  3423 | D:4      | Noticed Menkaure
  3621 | D:4      | Killed Menkaure
  3621 | D:4      | Reached skill level 5 in Fighting
  3656 | D:4      | Found a shimmering altar of Xom.
  3744 | D:4      | Reached skill level 1 in Dodging
  4049 | D:4      | Found a runed door.
  4053 | D:4      | Noticed Crazy Yiuf
  4057 | D:4      | Killed Crazy Yiuf
  4108 | D:5      | Entered Level 5 of the Dungeon
  4121 | D:5      | Reached skill level 5 in Armour
  4121 | D:5      | Reached XP level 8. HP: 39/49 MP: 8/8
  4332 | D:5      | Reached skill level 6 in Maces & Flails
  4467 | D:5      | Found a staircase to the Ecumenical Temple.
  4476 | Temple   | Entered the Ecumenical Temple
  4518 | Temple   | Became a worshipper of Warmaster Okawaru
  5341 | D:5      | Found a bloodstained altar of Trog.
  5522 | D:6      | Reached skill level 1 in Invocations
  5822 | D:6      | Reached * piety under Okawaru
  5848 | D:6      | Reached skill level 7 in Maces & Flails
  6173 | D:6      | Reached XP level 9. HP: 49/55 MP: 10/10
  6583 | D:7      | Found a basalt altar of Yredelemnul.
  6735 | D:7      | Reached ** piety under Okawaru
  7127 | D:7      | Noticed Pikel
  7254 | D:7      | Killed Pikel
  7254 | D:7      | Reached skill level 8 in Maces & Flails
  7489 | D:8      | Found Cuesuymp's Antique Weapon Emporium.
  7573 | D:8      | Reached *** piety under Okawaru
  7575 | D:8      | Reached XP level 10. HP: 50/61 MP: 12/12
  7774 | D:8      | Found a hazy altar of Hepliaklqana.
  7893 | D:8      | Found a glowing silver altar of Zin.
  7957 | D:8      | Found a deep blue altar of Sif Muna.
  8194 | D:9      | Found a radiant altar of Vehumet.
  8544 | D:9      | Found a shadowy altar of Dithmenos.
  8687 | D:9      | Found a staircase to the Orcish Mines.
  8779 | D:9      | Found a snail-covered altar of Cheibriados.
  8962 | D:10     | Entered Level 10 of the Dungeon
  9167 | D:10     | Reached skill level 9 in Maces & Flails
  9206 | D:10     | Noticed a gargoyle
  9218 | D:10     | Killed a gargoyle
  9218 | D:10     | Reached **** piety under Okawaru
  9318 | D:10     | Reached skill level 5 in Invocations
  9428 | D:10     | Noticed a two-headed ogre
  9433 | D:10     | Noticed a gargoyle
  9433 | D:10     | Killed a two-headed ogre
  9433 | D:10     | Reached ***** piety under Okawaru
  9433 | D:10     | Reached XP level 11. HP: 68/68 MP: 13/15
  9989 | D:11     | Slain by a meliai simulacrum

Skill      XL: |  1  2  3  4  5  6  7  8  9 10 11 |
---------------+----------------------------------+-----
Shields        | 4 5 6 7 8 |  8.0
Maces & Flails | 3 4 5 7 8 9 |  9.9
Fighting       | 4 5 6 7 8 |  8.1
Armour         | 4 5 6 7 |  7.7
Dodging        | 1 2 3 4 |  4.7
Invocations    | 2 3 5 |  5.6

Action                   |  1- 3 |  4- 6 |  7- 9 | 10-12 || total
-------------------------+-------+-------+-------+-------++-------
Melee: Flail             |   133 |   215 |   457 |   284 ||  1089
  Use: Potion            |       |     2 |       |       ||     2
       Scroll            |       |       |     1 |     2 ||     3
  Eat: Chunk             |     1 |     7 |    13 |     9 ||    30
       Fruit             |       |       |     1 |       ||     1
Armor: Scale mail        |    74 |    30 |       |   104 ||   208
       Chain mail        |       |   125 |   217 |     8 ||   350
Dodge: Dodged            |    38 |    76 |    97 |    91 ||   302
Block: Shield            |    60 |   151 |   207 |   119 ||   537
